PITTSBURGH Penguins vs CHICAGO Blackhawks

Created - 17 mars 2024 at 14:00

Goals
1 2 3 T
PITTSBURGH Penguins 2 2 1 5
CHICAGO Blackhawks 2 1 0 3
Shots
1 2 3 T
PITTSBURGH Penguins 9 14 8 31
CHICAGO Blackhawks 10 10 6 26

1st period

1. PITTSBURGH Penguins , Adam Pelech 11 (Jordan Staal 14, Jason Robertson 27) at 5:37 (PP)
2. CHICAGO Blackhawks , Patrick Kane 14 (Jonathan Toews 20, Josh Manson 9) at 8:16
3. PITTSBURGH Penguins , Evgeni Malkin 13 (Brandon Carlo 27) at 8:26
4. CHICAGO Blackhawks , Marcus Foligno 10 (Conor Sheary 26) at 11:11

Penalties :
Jonathan Toews (CHI) for Holding (Minor) at 5:02

2nd period

5. CHICAGO Blackhawks , Matt Roy 13 (Patrick Kane 17) at 0:29
6. PITTSBURGH Penguins , Thomas Chabot 8 (Jordan Kyrou 21, Jordan Staal 15) at 5:28 (PP)
7. PITTSBURGH Penguins , Gabriel Vilardi 6 (Jake Guentzel 25, Brandon Carlo 28) at 16:46

Penalties :
Aaron Ekblad (CHI) for Roughing (Minor) at 4:38, Jordan Staal (PIT) for Tripping (Minor) at 17:46

3rd period

8. PITTSBURGH Penguins , Jason Robertson 29 (Brandon Carlo 29, Jordan Kyrou 22) at 12:24 (PP)

Penalties :
Thomas Chabot (PIT) for Interference (Minor) at 1:46, Nicolas Hague (CHI) for Cross-checking (Minor) at 7:05, Josh Manson (CHI) for Tripping (Minor) at 10:54, Jake Guentzel (PIT) for Holding (Minor) at 18:43

Goalie Stats

Cam Talbot (PIT), 23 saves from 26 shots - (0,885), W, 22-21-3, 60:00 minutes
James Reimer (CHI), 26 saves from 31 shots - (0,839), L, 4-10-0, 60:00 minutes

Players Stats for PITTSBURGH Penguins

Player Name              G  A  P  +/- PIM S  H  SB GA TA FO     MP     PP MP  PK MP  
------------------------------------------------------------------------------------
Adam Pelech              1  0  1  -1  0   3  1  4  0  0  0/0    23:42   3:01   2:26 
Alexander Volkov         0  0  0  -1  0   1  0  0  0  0  0/0     7:17   0:00   1:27 
Barclay Goodrow          0  0  0   0  0   2  0  0  0  0  7/12   12:39   0:00   1:02 
Brandon Carlo            0  3  3   2  0   3  2  0  0  0  0/0    22:08   1:53   2:48 
Connor Clifton           0  0  0  -2  0   1  1  0  0  0  0/0    15:00   0:00   0:50 
Evgeni Malkin            1  0  1   0  0   2  2  1  0  0  20/30  19:39   2:08   2:04 
Gabriel Vilardi          1  0  1   0  0   1  0  0  0  0  0/1    17:35   2:08   0:00 
Jake Guentzel            0  1  1   0  2   4  3  0  0  0  1/2    17:54   2:08   0:20 
Jason Robertson          1  1  2   0  0   5  1  1  0  0  1/2    23:11   2:46   3:27 
Jesse Puljujarvi         0  0  0   0  0   0  2  0  0  0  0/0    11:37   0:00   0:00 
Jordan Kyrou             0  2  2   0  0   4  0  0  0  0  2/3    19:44   2:46   0:00 
Jordan Staal             0  2  2   0  2   3  3  2  0  0  14/24  21:51   2:46   2:08 
Nate Schmidt             0  0  0   2  0   1  0  0  0  0  0/0    22:08   1:53   2:48 
Patrik Laine             0  0  0   0  0   0  0  0  0  0  0/0    11:37   0:00   0:00 
Robert Bortuzzo          0  0  0  -2  0   0  2  0  0  0  0/0    14:10   0:00   0:00 
Tanner Pearson           0  0  0  -1  0   0  0  0  0  0  0/0     5:50   0:00   0:00 
Thomas Chabot            1  0  1  -1  2   1  4  2  0  0  0/0    22:51   3:01   1:36 
Yakov Trenin             0  0  0  -1  0   0  1  0  0  0  3/6     5:50   0:00   0:00 

Players Stats for CHICAGO Blackhawks

Player Name              G  A  P  +/- PIM S  H  SB GA TA FO     MP     PP MP  PK MP  
------------------------------------------------------------------------------------
Aaron Ekblad             0  0  0   1  2   2  2  3  0  0  0/0    24:06   3:07   2:08 
Brett Ritchie            0  0  0  -1  0   1  0  0  0  0  0/0     7:34   0:00   0:00 
Conor Sheary             0  1  1   1  0   4  0  0  0  0  0/2    20:19   2:07   3:45 
Eric Robinson            0  0  0  -1  0   1  0  0  0  0  0/0    11:29   0:00   0:00 
Erik Johnson             0  0  0  -1  0   1  2  2  0  0  0/0    21:09   2:07   2:06 
Jake Walman              0  0  0  -1  0   1  1  2  0  0  0/0    21:09   2:07   2:06 
Jonathan Toews           0  1  1   2  2   0  3  0  0  0  13/26  19:28   3:07   0:00 
Josh Manson              0  1  1   1  2   0  0  1  0  0  0/0    14:43   0:00   0:40 
Marcus Foligno           1  0  1   1  0   1  1  0  0  0  0/0    17:34   3:07   0:00 
Matt Roy                 1  0  1   1  0   2  2  4  0  0  0/0    24:47   3:07   2:48 
Nicolas Hague            0  0  0   1  2   0  4  0  0  0  0/0    14:03   0:00   0:00 
Patrick Kane             1  1  2   2  0   6  2  0  0  0  3/10   21:59   2:07   3:30 
Ryan Johansen            0  0  0   1  0   1  4  0  0  0  9/19   17:22   2:07   0:48 
Taylor Raddysh           0  0  0  -1  0   1  0  0  0  0  0/0     7:34   0:00   0:00 
Teuvo Teravainen         0  0  0   2  0   4  0  0  0  0  1/2    20:38   3:07   1:09 
Tom Wilson               0  0  0  -1  0   1  2  0  0  0  0/1    11:29   0:00   0:00 
Trent Frederic           0  0  0  -1  0   0  2  0  0  0  5/11   12:05   0:00   0:36 
Tyler Motte              0  0  0  -1  0   0  2  0  0  0  1/9     7:34   0:00   0:00 

3 Stars

1 - Brandon Carlo (PIT)
2 - Patrick Kane (CHI)
3 - Jason Robertson (PIT)

Power Play

PITTSBURGH Penguins - 3 on 4 Attempt(s) - 75,00%
CHICAGO Blackhawks - 0 on 3 Attempt(s) - 0,00%

Penalty Kill

PITTSBURGH Penguins - 3 on 3 Attempt(s) - 100,00% - Score 0 goal in Penalty Kill
CHICAGO Blackhawks - 1 on 4 Attempt(s) - 25,00% - Score 0 goal in Penalty Kill

Team Stat

PITTSBURGH Penguins - Hits : 22 - Faceoff Wins : 48 - Blocked Shots : 10 - Penalty Minutes : 6
CHICAGO Blackhawks - Hits : 27 - Faceoff Wins : 32 - Blocked Shots : 12 - Penalty Minutes : 8

Official

Referees : Kendrick Nicholson and Brandon Schrader
Linesman : Justine Todd and Brandon Gawryletz

Game Notes

No Game Note

Finance

Level 1 -- Attendance: 5360 (89,33%) -- Ticket Income $536,000
Level 2 -- Attendance: 3777 (75,54%) -- Ticket Income $226,620
Level 3 -- Attendance: 1888 (94,40%) -- Ticket Income $66,080
Level 4 -- Attendance: 4000 (100,00%) -- Ticket Income $80,000
Luxury Box -- Attendance: 840 (84,00%) -- Ticket Income $168,000
Game was played at the United Center.
Total Attendance: 15865 (88,14%)
Total Ticket Income: $1,076,700
Other Income: $269,175
Total Income: $1,345,875

PITTSBURGH Penguins

5 vs 5 Forward 
   Center                   Left Wing                Right Wing               Time % Phy DF OF 
 1 Jordan Staal             Jason Robertson          Jordan Kyrou             34     1   1  3  
 2 Evgeni Malkin            Jake Guentzel            Gabriel Vilardi          30     1   1  3  
 3 Barclay Goodrow          Patrik Laine             Jesse Puljujarvi         24     1   1  3  
 4 Yakov Trenin             Tanner Pearson           Alexander Volkov         12     1   3  1  

5 vs 5 Defense 
   Defense                  Defense                                           Time % Phy DF OF 
 1 Adam Pelech              Thomas Chabot                                     38     1   1  3  
 2 Brandon Carlo            Nate Schmidt                                      36     1   3  1  
 3 Connor Clifton           Robert Bortuzzo                                   26     1   4  0  
 4 Adam Pelech              Thomas Chabot                                     0      1   4  0  

PowerPlay Forward 
   Center                   Left Wing                Right Wing               Time % Phy DF OF 
 1 Jordan Staal             Jason Robertson          Jordan Kyrou             65     0   0  5  
 2 Evgeni Malkin            Jake Guentzel            Gabriel Vilardi          35     0   1  4  

PowerPlay Defense
   Defense                  Defense                                           Time % Phy DF OF 
 1 Adam Pelech              Thomas Chabot                                     65     0   0  5  
 2 Brandon Carlo            Nate Schmidt                                      35     0   1  4  

Penalty Kill 4 Players Forward 
   Center                   Wing                     Time % Phy DF OF 
 1 Jordan Staal             Jason Robertson          60     1   4  0  
 2 Evgeni Malkin            Jake Guentzel            40     0   5  0  

Penalty Kill 4 Players Defense
   Defense                  Defense                  Time % Phy DF OF 
 1 Adam Pelech              Thomas Chabot            60     1   4  0  
 2 Brandon Carlo            Nate Schmidt             40     1   4  0  

Penalty Kill - 3 Players Forward 
   Forward                                           Time % Phy DF OF 
 1 Jordan Staal                                      50     0   5  0  
 2 Evgeni Malkin                                     50     0   5  0  

Penalty Kill - 3 Players Defense
   Defense                  Defense                  Time % Phy DF OF 
 1 Adam Pelech              Thomas Chabot            70     1   4  0  
 2 Brandon Carlo            Nate Schmidt             30     1   4  0  

4 vs 4 Forward 
   Center                   Wing                     Time % Phy DF OF 
 1 Jordan Staal             Jason Robertson          60     0   2  3  
 2 Evgeni Malkin            Jake Guentzel            40     0   2  3  

4 vs 4 Defense
   Defense                  Defense                  Time % Phy DF OF 
 1 Adam Pelech              Thomas Chabot            58     1   2  2  
 2 Brandon Carlo            Nate Schmidt             42     1   2  2  

Last Minutes Offensive
   Center                   Left Wing                Right Wing               Defense                  Defense                  
   Jordan Staal             Jason Robertson          Jordan Kyrou             Adam Pelech              Thomas Chabot            

Last Minutes Defensive
   Center                   Left Wing                Right Wing               Defense                  Defense                  
   Jordan Staal             Jason Robertson          Jordan Kyrou             Adam Pelech              Thomas Chabot            

Goaltenders
Starting : Cam Talbot               
Backup : Elvis Merzlikins         

Extra Forwards
Normal : Evgeni Malkin, Patrik Laine, Barclay Goodrow - PP : Evgeni Malkin, Patrik Laine - PK : Evgeni Malkin
Extra Defensemen
Normal : Nate Schmidt, Connor Clifton, Robert Bortuzzo - PP : Nate Schmidt - PK : Nate Schmidt, Connor Clifton
Penalty Shots
Jason Robertson, Jake Guentzel, Jordan Kyrou, Jordan Staal, Evgeni Malkin

Scratches
None

CHICAGO Blackhawks

5 vs 5 Forward 
   Center                   Left Wing                Right Wing               Time % Phy DF OF 
 1 Jonathan Toews           Teuvo Teravainen         Patrick Kane             40     0   1  4  
 2 Ryan Johansen            Conor Sheary             Marcus Foligno           30     1   1  3  
 3 Trent Frederic           Eric Robinson            Tom Wilson               20     1   3  1  
 4 Tyler Motte              Brett Ritchie            Taylor Raddysh           10     1   3  1  

5 vs 5 Defense 
   Defense                  Defense                                           Time % Phy DF OF 
 1 Aaron Ekblad             Matt Roy                                          40     1   2  2  
 2 Erik Johnson             Jake Walman                                       30     1   2  2  
 3 Nicolas Hague            Josh Manson                                       20     1   2  2  
 4 Aaron Ekblad             Matt Roy                                          10     1   2  2  

PowerPlay Forward 
   Center                   Left Wing                Right Wing               Time % Phy DF OF 
 1 Ryan Johansen            Conor Sheary             Patrick Kane             60     1   2  2  
 2 Jonathan Toews           Teuvo Teravainen         Marcus Foligno           40     1   2  2  

PowerPlay Defense
   Defense                  Defense                                           Time % Phy DF OF 
 1 Aaron Ekblad             Matt Roy                                          60     1   2  2  
 2 Erik Johnson             Jake Walman                                       40     1   2  2  

Penalty Kill 4 Players Forward 
   Center                   Wing                     Time % Phy DF OF 
 1 Patrick Kane             Conor Sheary             60     1   2  2  
 2 Teuvo Teravainen         Ryan Johansen            40     1   2  2  

Penalty Kill 4 Players Defense
   Defense                  Defense                  Time % Phy DF OF 
 1 Aaron Ekblad             Matt Roy                 60     1   2  2  
 2 Erik Johnson             Jake Walman              40     1   2  2  

Penalty Kill - 3 Players Forward 
   Forward                                           Time % Phy DF OF 
 1 Patrick Kane                                      60     1   2  2  
 2 Conor Sheary                                      40     1   2  2  

Penalty Kill - 3 Players Defense
   Defense                  Defense                  Time % Phy DF OF 
 1 Aaron Ekblad             Matt Roy                 60     1   2  2  
 2 Erik Johnson             Jake Walman              40     1   2  2  

4 vs 4 Forward 
   Center                   Wing                     Time % Phy DF OF 
 1 Patrick Kane             Conor Sheary             60     1   2  2  
 2 Teuvo Teravainen         Ryan Johansen            40     1   2  2  

4 vs 4 Defense
   Defense                  Defense                  Time % Phy DF OF 
 1 Aaron Ekblad             Matt Roy                 60     1   2  2  
 2 Erik Johnson             Jake Walman              40     1   2  2  

Last Minutes Offensive
   Center                   Left Wing                Right Wing               Defense                  Defense                  
   Ryan Johansen            Conor Sheary             Patrick Kane             Aaron Ekblad             Matt Roy                 

Last Minutes Defensive
   Center                   Left Wing                Right Wing               Defense                  Defense                  
   Ryan Johansen            Conor Sheary             Patrick Kane             Aaron Ekblad             Matt Roy                 

Goaltenders
Starting : James Reimer             
Backup : Frederik Andersen        

Extra Forwards
Normal : Brett Ritchie, Eric Robinson, Trent Frederic - PP : Brett Ritchie, Eric Robinson - PK : Trent Frederic
Extra Defensemen
Normal : Nicolas Hague, Josh Manson, Erik Johnson - PP : Nicolas Hague - PK : Josh Manson, Erik Johnson
Penalty Shots
Patrick Kane, Conor Sheary, Teuvo Teravainen, Ryan Johansen, Jonathan Toews

Scratches
Jakub Vrana (Healthy)

% Time on Ice - PITTSBURGH Penguins

Lines # - Real PCT - Wanted PCT - Time Play
Normal Forward
1 - 34% - 34% - 16:58
2 - 31% - 30% - 15:27
3 - 23% - 24% - 11:37
4 - 12% - 12% - 5:50
Normal Defense
1 - 37% - 38% - 18:15
2 - 35% - 36% - 17:27
3 - 28% - 26% - 14:10
4 - 0% - 0% - 0:00
PP Forward
1 - 56% - 65% - 2:46
2 - 44% - 35% - 2:08
PP Defense
1 - 62% - 65% - 3:01
2 - 38% - 35% - 1:53
PK Forward
1 - 88% - 60% - 4:35
2 - 12% - 40% - 0:39
PK Defense
1 - 54% - 60% - 2:49
2 - 46% - 40% - 2:25
PK3 Forward
1 - 0% - 50%
2 - 0% - 50%
PK3 Defense
1 - 0% - 70%
2 - 0% - 30%
44 Forward
1 - 0% - 60%
2 - 0% - 40%
44 Defense
1 - 0% - 58%
2 - 0% - 42%
Last Minute Offensive  - 0:00
Last Minute Defensive  - 0:00
Total
Forward - 60:00
Defense - 60:00

% Time on Ice - CHICAGO Blackhawks

Lines # - Real PCT - Wanted PCT - Time Play
Normal Forward
1 - 33% - 40% - 16:22
2 - 29% - 30% - 14:27
3 - 23% - 20% - 11:29
4 - 15% - 10% - 7:34
Normal Defense
1 - 34% - 40% - 16:55
2 - 34% - 30% - 16:56
3 - 28% - 20% - 14:04
4 - 4% - 10% - 1:57
PP Forward
1 - 40% - 60% - 2:07
2 - 60% - 40% - 3:07
PP Defense
1 - 60% - 60% - 3:07
2 - 40% - 40% - 2:07
PK Forward
1 - 84% - 60% - 4:06
2 - 16% - 40% - 0:48
PK Defense
1 - 57% - 60% - 2:48
2 - 43% - 40% - 2:06
PK3 Forward
1 - 0% - 60%
2 - 0% - 40%
PK3 Defense
1 - 0% - 60%
2 - 0% - 40%
44 Forward
1 - 0% - 60%
2 - 0% - 40%
44 Defense
1 - 0% - 60%
2 - 0% - 40%
Last Minute Offensive  - 0:00
Last Minute Defensive  - 0:00
Total
Forward - 60:00
Defense - 60:00

Play-by-Play

1st period


0:01 of 1st period - Jonathan Toews wins face-off versus Jordan Staal in neutral zone.
0:15 of 1st period - Patrick Kane is hit by Thomas Chabot and loses puck.
0:42 of 1st period - Shot by Jason Robertson.
0:42 of 1st period - Stopped by James Reimer with a rebound.
2:52 of 1st period - Off-side.
2:53 of 1st period - Yakov Trenin wins face-off versus Jonathan Toews in neutral zone.
2:57 of 1st period - Adam Pelech is hit by Jonathan Toews and loses puck.
3:20 of 1st period - Shot by Teuvo Teravainen.
3:20 of 1st period - Deflect By Patrick Kane.
3:20 of 1st period - Stopped by Cam Talbot without a rebound.
3:21 of 1st period - Jordan Staal wins face-off versus Ryan Johansen in PITTSBURGH Penguins zone.
3:30 of 1st period - Shot by Jason Robertson.
3:30 of 1st period - Shot Misses the Net.
3:32 of 1st period - Shot by Jordan Staal.
3:32 of 1st period - Shot Misses the Net.
3:34 of 1st period - Shot by Brandon Carlo.
3:34 of 1st period - Shot Blocked by Aaron Ekblad.
3:36 of 1st period - Shot by Jordan Staal.
3:36 of 1st period - Stopped by James Reimer without a rebound.
3:37 of 1st period - Barclay Goodrow wins face-off versus Tyler Motte in CHICAGO Blackhawks zone.
3:40 of 1st period - Shot by Patrik Laine.
3:40 of 1st period - Shot Misses the Net.
4:09 of 1st period - Taylor Raddysh is hit by Robert Bortuzzo and loses puck.
4:17 of 1st period - Taylor Raddysh is hit by Connor Clifton and loses puck.
4:21 of 1st period - Tyler Motte is hit by Robert Bortuzzo and loses puck.
5:02 of 1st period - Minor Penalty to Jonathan Toews for Holding.
5:03 of 1st period - Evgeni Malkin wins face-off versus Patrick Kane in CHICAGO Blackhawks zone.
5:06 of 1st period - Shot by Jake Guentzel.
5:06 of 1st period - Shot Blocked by Jake Walman.
5:08 of 1st period - Shot by Adam Pelech.
5:08 of 1st period - Stopped by James Reimer without a rebound.
5:09 of 1st period - Jordan Staal wins face-off versus Patrick Kane in CHICAGO Blackhawks zone.
5:29 of 1st period - Shot by Adam Pelech.
5:29 of 1st period - Shot Blocked by Matt Roy.
5:31 of 1st period - Shot by Jordan Staal.
5:31 of 1st period - Stopped by James Reimer with a rebound.
5:33 of 1st period - Shot by Jordan Staal.
5:33 of 1st period - Shot Misses the Net.
5:35 of 1st period - Shot by Jordan Staal.
5:35 of 1st period - Shot Blocked by Aaron Ekblad.
5:37 of 1st period - Shot by Adam Pelech.
5:37 of 1st period - Goal by Adam Pelech - PITTSBURGH Penguins : 1 - CHICAGO Blackhawks : 0.
5:38 of 1st period - Trent Frederic wins face-off versus Evgeni Malkin in neutral zone.
5:40 of 1st period - Erik Johnson is hit by Brandon Carlo and loses puck.
6:03 of 1st period - Shot by Jake Guentzel.
6:03 of 1st period - Shot Misses the Net.
6:43 of 1st period - Aaron Ekblad is hit by Jordan Staal.
6:44 of 1st period - Icing by Aaron Ekblad.
6:45 of 1st period - Ryan Johansen wins face-off versus Jordan Staal in CHICAGO Blackhawks zone.
7:01 of 1st period - Jordan Kyrou is hit by Aaron Ekblad and loses puck.
8:03 of 1st period - Josh Manson is hit by Yakov Trenin and loses puck.
8:16 of 1st period - Shot by Jonathan Toews.
8:16 of 1st period - Deflect By Patrick Kane.
8:16 of 1st period - Goal by Patrick Kane - PITTSBURGH Penguins : 1 - CHICAGO Blackhawks : 1.
8:17 of 1st period - Evgeni Malkin wins face-off versus Trent Frederic in neutral zone.
8:26 of 1st period - Shot by Evgeni Malkin.
8:26 of 1st period - Goal by Evgeni Malkin - PITTSBURGH Penguins : 2 - CHICAGO Blackhawks : 1.
8:27 of 1st period - Barclay Goodrow wins face-off versus Tyler Motte in neutral zone.
8:36 of 1st period - Shot by Brandon Carlo.
8:36 of 1st period - Stopped by James Reimer with a rebound.
9:58 of 1st period - Jordan Staal is hit by Matt Roy and loses puck.
10:27 of 1st period - Off-side.
10:28 of 1st period - Evgeni Malkin wins face-off versus Tom Wilson in neutral zone.
10:28 of 1st period - Jake Guentzel is hit by Trent Frederic and loses puck.
10:51 of 1st period - Icing by Connor Clifton.
10:52 of 1st period - Ryan Johansen wins face-off versus Jake Guentzel in PITTSBURGH Penguins zone.
11:09 of 1st period - Shot by Marcus Foligno.
11:09 of 1st period - Shot Misses the Net.
11:11 of 1st period - Shot by Marcus Foligno.
11:11 of 1st period - Goal by Marcus Foligno - PITTSBURGH Penguins : 2 - CHICAGO Blackhawks : 2.
11:12 of 1st period - Yakov Trenin wins face-off versus Trent Frederic in neutral zone.
12:04 of 1st period - Icing by Nate Schmidt.
12:05 of 1st period - Jonathan Toews wins face-off versus Yakov Trenin in PITTSBURGH Penguins zone.
12:26 of 1st period - Shot by Teuvo Teravainen.
12:26 of 1st period - Stopped by Cam Talbot without a rebound.
12:27 of 1st period - Jordan Staal wins face-off versus Ryan Johansen in PITTSBURGH Penguins zone.
13:26 of 1st period - Icing by Connor Clifton.
13:27 of 1st period - Jonathan Toews wins face-off versus Evgeni Malkin in PITTSBURGH Penguins zone.
13:34 of 1st period - Jonathan Toews is hit by Jake Guentzel and loses puck.
14:06 of 1st period - Shot by Jonathan Toews.
14:06 of 1st period - Shot Misses the Net.
14:47 of 1st period - Brandon Carlo is hit by Tom Wilson and loses puck.
15:17 of 1st period - Icing by Eric Robinson.
15:18 of 1st period - Trent Frederic wins face-off versus Jordan Staal in CHICAGO Blackhawks zone.
15:39 of 1st period - Shot by Jason Robertson.
15:39 of 1st period - Deflect By Jordan Kyrou.
15:39 of 1st period - Stopped by James Reimer without a rebound.
15:40 of 1st period - Evgeni Malkin wins face-off versus Ryan Johansen in CHICAGO Blackhawks zone.
15:45 of 1st period - Shot by Jake Guentzel.
15:45 of 1st period - Shot Misses the Net.
15:47 of 1st period - Shot by Robert Bortuzzo.
15:47 of 1st period - Shot Blocked by Aaron Ekblad.
15:49 of 1st period - Shot by Gabriel Vilardi.
15:49 of 1st period - Shot Blocked by Matt Roy.
15:58 of 1st period - Icing by Matt Roy.
15:59 of 1st period - Jordan Staal wins face-off versus Ryan Johansen in CHICAGO Blackhawks zone.
16:00 of 1st period - Shot by Thomas Chabot.
16:00 of 1st period - Shot Blocked by Matt Roy.
16:02 of 1st period - Shot by Adam Pelech.
16:02 of 1st period - Shot Misses the Net.
16:09 of 1st period - Marcus Foligno is hit by Adam Pelech and loses puck.
16:41 of 1st period - Jason Robertson is hit by Matt Roy and loses puck.
17:11 of 1st period - Evgeni Malkin is hit by Patrick Kane and loses puck.
17:16 of 1st period - Shot by Patrick Kane.
17:16 of 1st period - Stopped by Cam Talbot without a rebound.
17:17 of 1st period - Barclay Goodrow wins face-off versus Tyler Motte in PITTSBURGH Penguins zone.
18:26 of 1st period - Shot by Jordan Kyrou.
18:26 of 1st period - Stopped by James Reimer without a rebound.
18:27 of 1st period - Trent Frederic wins face-off versus Jordan Staal in CHICAGO Blackhawks zone.
18:32 of 1st period - Shot by Eric Robinson.
18:32 of 1st period - Shot Blocked by Adam Pelech.
18:36 of 1st period - Shot by Tom Wilson.
18:36 of 1st period - Stopped by Cam Talbot without a rebound.
18:37 of 1st period - Evgeni Malkin wins face-off versus Jonathan Toews in PITTSBURGH Penguins zone.
18:37 of 1st period - Evgeni Malkin is hit by Jonathan Toews.
18:43 of 1st period - Josh Manson is hit by Evgeni Malkin and loses puck.
18:56 of 1st period - Shot by Teuvo Teravainen.
18:56 of 1st period - Stopped by Cam Talbot with a rebound.
18:58 of 1st period - Shot by Josh Manson.
18:58 of 1st period - Shot Blocked by Thomas Chabot.
19:08 of 1st period - Shot by Patrick Kane.
19:08 of 1st period - Shot Misses the Net.
19:10 of 1st period - Shot by Patrick Kane.
19:10 of 1st period - Stopped by Cam Talbot without a rebound.
19:11 of 1st period - Ryan Johansen wins face-off versus Jordan Kyrou in PITTSBURGH Penguins zone.
19:16 of 1st period - Shot by Marcus Foligno.
19:16 of 1st period - Shot Misses the Net.
19:43 of 1st period - Shot by Conor Sheary.
19:43 of 1st period - Stopped by Cam Talbot with a rebound.
19:45 of 1st period - Shot by Aaron Ekblad.
19:45 of 1st period - Shot Misses the Net.
19:49 of 1st period - Shot by Matt Roy.
19:49 of 1st period - Shot Blocked by Jason Robertson.
19:51 of 1st period - Shot by Conor Sheary.
19:51 of 1st period - Shot Blocked by Jordan Staal.
19:55 of 1st period - Shot by Conor Sheary.
19:55 of 1st period - Stopped by Cam Talbot without a rebound.
19:56 of 1st period - Evgeni Malkin wins face-off versus Jonathan Toews in PITTSBURGH Penguins zone.
Goals for this period are 2 for PITTSBURGH Penguins vs 2 for CHICAGO Blackhawks.
Shots for this period are 9 for PITTSBURGH Penguins vs 10 for CHICAGO Blackhawks.

2nd period


0:01 of 2nd period - Jonathan Toews wins face-off versus Evgeni Malkin in neutral zone.
0:03 of 2nd period - Off-side.
0:04 of 2nd period - Evgeni Malkin wins face-off versus Patrick Kane in neutral zone.
0:27 of 2nd period - Shot by Patrick Kane.
0:27 of 2nd period - Shot Blocked by Thomas Chabot.
0:29 of 2nd period - Shot by Matt Roy.
0:29 of 2nd period - Goal by Matt Roy - PITTSBURGH Penguins : 2 - CHICAGO Blackhawks : 3.
0:30 of 2nd period - Jordan Staal wins face-off versus Ryan Johansen in neutral zone.
1:07 of 2nd period - Shot by Conor Sheary.
1:07 of 2nd period - Stopped by Cam Talbot with a rebound.
1:13 of 2nd period - Shot by Ryan Johansen.
1:13 of 2nd period - Stopped by Cam Talbot without a rebound.
1:14 of 2nd period - Jonathan Toews wins face-off versus Evgeni Malkin in PITTSBURGH Penguins zone.
1:19 of 2nd period - Shot by Teuvo Teravainen.
1:19 of 2nd period - Shot Blocked by Adam Pelech.
1:45 of 2nd period - Shot by Patrick Kane.
1:45 of 2nd period - Deflect By Teuvo Teravainen.
1:45 of 2nd period - Shot Misses the Net.
3:08 of 2nd period - Shot by Jason Robertson.
3:08 of 2nd period - Stopped by James Reimer with a rebound.
3:10 of 2nd period - Shot by Brandon Carlo.
3:10 of 2nd period - Stopped by James Reimer without a rebound.
3:11 of 2nd period - Barclay Goodrow wins face-off versus Ryan Johansen in CHICAGO Blackhawks zone.
3:20 of 2nd period - Shot by Patrik Laine.
3:20 of 2nd period - Deflect By Barclay Goodrow.
3:20 of 2nd period - Stopped by James Reimer without a rebound.
3:21 of 2nd period - Jonathan Toews wins face-off versus Jordan Staal in CHICAGO Blackhawks zone.
3:34 of 2nd period - Shot by Teuvo Teravainen.
3:34 of 2nd period - Stopped by Cam Talbot without a rebound.
3:35 of 2nd period - Ryan Johansen wins face-off versus Barclay Goodrow in PITTSBURGH Penguins zone.
3:45 of 2nd period - Conor Sheary is hit by Brandon Carlo and loses puck.
4:13 of 2nd period - Shot by Conor Sheary.
4:13 of 2nd period - Stopped by Cam Talbot without a rebound.
4:14 of 2nd period - Jonathan Toews wins face-off versus Jordan Staal in PITTSBURGH Penguins zone.
4:32 of 2nd period - Jordan Staal is hit by Aaron Ekblad and loses puck.
4:38 of 2nd period - Minor Penalty to Aaron Ekblad for Roughing.
4:39 of 2nd period - Evgeni Malkin wins face-off versus Patrick Kane in CHICAGO Blackhawks zone.
4:40 of 2nd period - Shot by Nate Schmidt.
4:40 of 2nd period - Shot Misses the Net.
4:44 of 2nd period - Shot by Brandon Carlo.
4:44 of 2nd period - Shot Misses the Net.
4:46 of 2nd period - Shot by Brandon Carlo.
4:46 of 2nd period - Shot Misses the Net.
4:48 of 2nd period - Shot by Brandon Carlo.
4:48 of 2nd period - Stopped by James Reimer without a rebound.
4:49 of 2nd period - Jordan Kyrou wins face-off versus Conor Sheary in CHICAGO Blackhawks zone.
4:50 of 2nd period - Shot by Adam Pelech.
4:50 of 2nd period - Shot Misses the Net.
4:52 of 2nd period - Shot by Jordan Staal.
4:52 of 2nd period - Shot Misses the Net.
4:58 of 2nd period - Shot by Thomas Chabot.
4:58 of 2nd period - Shot Misses the Net.
5:00 of 2nd period - Shot by Jordan Staal.
5:00 of 2nd period - Stopped by James Reimer without a rebound.
5:01 of 2nd period - Evgeni Malkin wins face-off versus Patrick Kane in CHICAGO Blackhawks zone.
5:06 of 2nd period - Shot by Jake Guentzel.
5:06 of 2nd period - Stopped by James Reimer without a rebound.
5:07 of 2nd period - Jordan Staal wins face-off versus Patrick Kane in CHICAGO Blackhawks zone.
5:10 of 2nd period - Shot by Thomas Chabot.
5:10 of 2nd period - Shot Misses the Net.
5:12 of 2nd period - Shot by Jordan Staal.
5:12 of 2nd period - Shot Misses the Net.
5:14 of 2nd period - Shot by Thomas Chabot.
5:14 of 2nd period - Shot Misses the Net.
5:26 of 2nd period - Shot by Jordan Staal.
5:26 of 2nd period - Deflect By Jordan Kyrou.
5:26 of 2nd period - Shot Misses the Net.
5:28 of 2nd period - Shot by Thomas Chabot.
5:28 of 2nd period - Goal by Thomas Chabot - PITTSBURGH Penguins : 3 - CHICAGO Blackhawks : 3.
5:29 of 2nd period - Jake Guentzel wins face-off versus Tyler Motte in neutral zone.
5:37 of 2nd period - Taylor Raddysh is hit by Jake Guentzel and loses puck.
6:25 of 2nd period - Shot by Jason Robertson.
6:25 of 2nd period - Shot Misses the Net.
6:27 of 2nd period - Shot by Thomas Chabot.
6:27 of 2nd period - Deflect By Jason Robertson.
6:27 of 2nd period - Stopped by James Reimer without a rebound.
6:28 of 2nd period - Jonathan Toews wins face-off versus Barclay Goodrow in CHICAGO Blackhawks zone.
6:36 of 2nd period - Off-side.
6:37 of 2nd period - Jordan Staal wins face-off versus Jonathan Toews in neutral zone.
6:47 of 2nd period - Icing by Matt Roy.
6:48 of 2nd period - Barclay Goodrow wins face-off versus Jonathan Toews in CHICAGO Blackhawks zone.
8:18 of 2nd period - Icing by Adam Pelech.
8:19 of 2nd period - Jordan Staal wins face-off versus Trent Frederic in PITTSBURGH Penguins zone.
8:19 of 2nd period - Jordan Staal is hit by Tom Wilson.
8:30 of 2nd period - Shot by Trent Frederic.
8:30 of 2nd period - Shot Misses the Net.
8:32 of 2nd period - Shot by Tom Wilson.
8:32 of 2nd period - Shot Blocked by Adam Pelech.
8:34 of 2nd period - Shot by Eric Robinson.
8:34 of 2nd period - Stopped by Cam Talbot without a rebound.
8:35 of 2nd period - Evgeni Malkin wins face-off versus Tyler Motte in PITTSBURGH Penguins zone.
8:35 of 2nd period - Evgeni Malkin is hit by Tyler Motte.
10:22 of 2nd period - Shot by Jordan Kyrou.
10:22 of 2nd period - Stopped by James Reimer without a rebound.
10:23 of 2nd period - Trent Frederic wins face-off versus Yakov Trenin in CHICAGO Blackhawks zone.
10:44 of 2nd period - Shot by Alexander Volkov.
10:44 of 2nd period - Stopped by James Reimer without a rebound.
10:45 of 2nd period - Jordan Kyrou wins face-off versus Jonathan Toews in CHICAGO Blackhawks zone.
10:45 of 2nd period - Jordan Kyrou is hit by Erik Johnson.
11:00 of 2nd period - Patrick Kane is hit by Thomas Chabot and loses puck.
11:25 of 2nd period - Erik Johnson is hit by Jordan Staal and loses puck.
12:14 of 2nd period - Shot by Patrik Laine.
12:14 of 2nd period - Shot Misses the Net.
12:16 of 2nd period - Shot by Patrik Laine.
12:16 of 2nd period - Shot Blocked by Matt Roy.
12:18 of 2nd period - Shot by Connor Clifton.
12:18 of 2nd period - Shot Misses the Net.
12:20 of 2nd period - Shot by Connor Clifton.
12:20 of 2nd period - Stopped by James Reimer without a rebound.
12:21 of 2nd period - Trent Frederic wins face-off versus Evgeni Malkin in CHICAGO Blackhawks zone.
13:02 of 2nd period - Shot by Jake Guentzel.
13:02 of 2nd period - Stopped by James Reimer without a rebound.
13:03 of 2nd period - Jonathan Toews wins face-off versus Barclay Goodrow in CHICAGO Blackhawks zone.
13:03 of 2nd period - Jonathan Toews is hit by Jesse Puljujarvi.
13:20 of 2nd period - Shot by Teuvo Teravainen.
13:20 of 2nd period - Shot Misses the Net.
13:59 of 2nd period - Icing by Matt Roy.
14:00 of 2nd period - Jordan Staal wins face-off versus Jonathan Toews in CHICAGO Blackhawks zone.
14:19 of 2nd period - Icing by Thomas Chabot.
14:20 of 2nd period - Jordan Staal wins face-off versus Ryan Johansen in PITTSBURGH Penguins zone.
14:36 of 2nd period - Jordan Staal is hit by Ryan Johansen.
15:21 of 2nd period - Shot by Jake Guentzel.
15:21 of 2nd period - Shot Misses the Net.
15:23 of 2nd period - Shot by Jake Guentzel.
15:23 of 2nd period - Deflect By Evgeni Malkin.
15:23 of 2nd period - Stopped by James Reimer without a rebound.
15:24 of 2nd period - Yakov Trenin wins face-off versus Tyler Motte in CHICAGO Blackhawks zone.
16:46 of 2nd period - Shot by Gabriel Vilardi.
16:46 of 2nd period - Goal by Gabriel Vilardi - PITTSBURGH Penguins : 4 - CHICAGO Blackhawks : 3.
16:47 of 2nd period - Jonathan Toews wins face-off versus Jordan Staal in neutral zone.
16:47 of 2nd period - Jonathan Toews is hit by Jordan Staal.
16:51 of 2nd period - Adam Pelech is hit by Jonathan Toews and loses puck.
16:55 of 2nd period - Icing by Adam Pelech.
16:56 of 2nd period - Jordan Staal wins face-off versus Jonathan Toews in PITTSBURGH Penguins zone.
17:07 of 2nd period - Shot by Teuvo Teravainen.
17:07 of 2nd period - Stopped by Cam Talbot with a rebound.
17:09 of 2nd period - Shot by Aaron Ekblad.
17:09 of 2nd period - Shot Blocked by Adam Pelech.
17:16 of 2nd period - Icing by Adam Pelech.
17:17 of 2nd period - Ryan Johansen wins face-off versus Jason Robertson in PITTSBURGH Penguins zone.
17:17 of 2nd period - Ryan Johansen is hit by Thomas Chabot.
17:46 of 2nd period - Minor Penalty to Jordan Staal for Tripping.
17:47 of 2nd period - Evgeni Malkin wins face-off versus Jonathan Toews in PITTSBURGH Penguins zone.
17:47 of 2nd period - Evgeni Malkin is hit by Marcus Foligno.
18:17 of 2nd period - Shot by Aaron Ekblad.
18:17 of 2nd period - Stopped by Cam Talbot without a rebound.
18:18 of 2nd period - Ryan Johansen wins face-off versus Evgeni Malkin in PITTSBURGH Penguins zone.
18:19 of 2nd period - Shot by Patrick Kane.
18:19 of 2nd period - Stopped by Cam Talbot without a rebound.
18:20 of 2nd period - Evgeni Malkin wins face-off versus Ryan Johansen in PITTSBURGH Penguins zone.
18:35 of 2nd period - Shot by Conor Sheary.
18:35 of 2nd period - Shot Misses the Net.
18:37 of 2nd period - Shot by Conor Sheary.
18:37 of 2nd period - Shot Blocked by Evgeni Malkin.
18:39 of 2nd period - Shot by Erik Johnson.
18:39 of 2nd period - Stopped by Cam Talbot without a rebound.
18:40 of 2nd period - Barclay Goodrow wins face-off versus Jonathan Toews in PITTSBURGH Penguins zone.
18:46 of 2nd period - Icing by Matt Roy.
18:47 of 2nd period - Evgeni Malkin wins face-off versus Jonathan Toews in CHICAGO Blackhawks zone.
19:42 of 2nd period - Icing by Patrick Kane.
19:43 of 2nd period - Evgeni Malkin wins face-off versus Conor Sheary in CHICAGO Blackhawks zone.
Goals for this period are 2 for PITTSBURGH Penguins vs 1 for CHICAGO Blackhawks.
Shots for this period are 14 for PITTSBURGH Penguins vs 10 for CHICAGO Blackhawks.

3rd period


0:01 of 3rd period - Jonathan Toews wins face-off versus Gabriel Vilardi in neutral zone.
0:12 of 3rd period - Shot by Patrick Kane.
0:12 of 3rd period - Deflect By Teuvo Teravainen.
0:12 of 3rd period - Shot Misses the Net.
0:14 of 3rd period - Shot by Matt Roy.
0:14 of 3rd period - Stopped by Cam Talbot without a rebound.
0:15 of 3rd period - Ryan Johansen wins face-off versus Jordan Staal in PITTSBURGH Penguins zone.
0:44 of 3rd period - Shot by Jordan Kyrou.
0:44 of 3rd period - Stopped by James Reimer without a rebound.
0:45 of 3rd period - Evgeni Malkin wins face-off versus Jonathan Toews in CHICAGO Blackhawks zone.
0:48 of 3rd period - Shot by Jake Guentzel.
0:48 of 3rd period - Stopped by James Reimer with a rebound.
1:10 of 3rd period - Shot by Patrick Kane.
1:10 of 3rd period - Deflect By Teuvo Teravainen.
1:10 of 3rd period - Shot Misses the Net.
1:46 of 3rd period - Minor Penalty to Thomas Chabot for Interference.
1:47 of 3rd period - Jordan Staal wins face-off versus Ryan Johansen in PITTSBURGH Penguins zone.
1:47 of 3rd period - Jason Robertson is hit by Ryan Johansen and loses puck.
2:38 of 3rd period - Shot by Aaron Ekblad.
2:38 of 3rd period - Stopped by Cam Talbot without a rebound.
2:39 of 3rd period - Jordan Staal wins face-off versus Jonathan Toews in PITTSBURGH Penguins zone.
2:48 of 3rd period - Shot by Aaron Ekblad.
2:48 of 3rd period - Shot Misses the Net.
2:52 of 3rd period - Shot by Matt Roy.
2:52 of 3rd period - Shot Misses the Net.
2:54 of 3rd period - Shot by Matt Roy.
2:54 of 3rd period - Shot Blocked by Jordan Staal.
4:04 of 3rd period - Shot by Barclay Goodrow.
4:04 of 3rd period - Stopped by James Reimer without a rebound.
4:05 of 3rd period - Evgeni Malkin wins face-off versus Tyler Motte in CHICAGO Blackhawks zone.
4:05 of 3rd period - Evgeni Malkin is hit by Nicolas Hague.
4:08 of 3rd period - Jake Guentzel is hit by Nicolas Hague and loses puck.
4:13 of 3rd period - Shot by Nate Schmidt.
4:13 of 3rd period - Stopped by James Reimer without a rebound.
4:14 of 3rd period - Evgeni Malkin wins face-off versus Trent Frederic in CHICAGO Blackhawks zone.
5:52 of 3rd period - Jake Walman is hit by Jason Robertson.
5:53 of 3rd period - Icing by Jake Walman.
5:54 of 3rd period - Ryan Johansen wins face-off versus Barclay Goodrow in CHICAGO Blackhawks zone.
6:46 of 3rd period - Shot by Patrick Kane.
6:46 of 3rd period - Stopped by Cam Talbot with a rebound.
7:02 of 3rd period - Shot by Yakov Trenin.
7:02 of 3rd period - Shot Misses the Net.
7:04 of 3rd period - Shot by Adam Pelech.
7:04 of 3rd period - Shot Misses the Net.
7:05 of 3rd period - Minor Penalty to Nicolas Hague for Cross-checking.
7:06 of 3rd period - Patrick Kane wins face-off versus Jordan Staal in CHICAGO Blackhawks zone.
7:59 of 3rd period - Icing by Adam Pelech.
8:00 of 3rd period - Patrick Kane wins face-off versus Evgeni Malkin in PITTSBURGH Penguins zone.
8:00 of 3rd period - Patrick Kane is hit by Thomas Chabot.
8:10 of 3rd period - Shot by Adam Pelech.
8:10 of 3rd period - Shot Blocked by Erik Johnson.
8:12 of 3rd period - Shot by Jake Guentzel.
8:12 of 3rd period - Stopped by James Reimer without a rebound.
8:13 of 3rd period - Evgeni Malkin wins face-off versus Patrick Kane in CHICAGO Blackhawks zone.
8:32 of 3rd period - Shot by Adam Pelech.
8:32 of 3rd period - Shot Misses the Net.
8:48 of 3rd period - Shot by Thomas Chabot.
8:48 of 3rd period - Shot Blocked by Erik Johnson.
8:50 of 3rd period - Shot by Adam Pelech.
8:50 of 3rd period - Stopped by James Reimer without a rebound.
8:51 of 3rd period - Jordan Staal wins face-off versus Ryan Johansen in CHICAGO Blackhawks zone.
9:28 of 3rd period - Shot by Jesse Puljujarvi.
9:28 of 3rd period - Shot Misses the Net.
9:30 of 3rd period - Shot by Connor Clifton.
9:30 of 3rd period - Shot Blocked by Josh Manson.
10:02 of 3rd period - Jordan Staal is hit by Trent Frederic and loses puck.
10:21 of 3rd period - Jordan Staal is hit by Nicolas Hague and loses puck.
10:32 of 3rd period - Shot by Jordan Kyrou.
10:32 of 3rd period - Shot Misses the Net.
10:43 of 3rd period - Icing by Trent Frederic.
10:44 of 3rd period - Evgeni Malkin wins face-off versus Trent Frederic in CHICAGO Blackhawks zone.
10:54 of 3rd period - Minor Penalty to Josh Manson for Tripping.
10:55 of 3rd period - Patrick Kane wins face-off versus Evgeni Malkin in CHICAGO Blackhawks zone.
11:02 of 3rd period - Adam Pelech is hit by Patrick Kane and loses puck.
12:22 of 3rd period - Shot by Brandon Carlo.
12:22 of 3rd period - Shot Blocked by Jake Walman.
12:24 of 3rd period - Shot by Jason Robertson.
12:24 of 3rd period - Goal by Jason Robertson - PITTSBURGH Penguins : 5 - CHICAGO Blackhawks : 3.
12:25 of 3rd period - Tyler Motte wins face-off versus Barclay Goodrow in neutral zone.
12:32 of 3rd period - Shot by Taylor Raddysh.
12:32 of 3rd period - Stopped by Cam Talbot without a rebound.
12:33 of 3rd period - Barclay Goodrow wins face-off versus Tyler Motte in PITTSBURGH Penguins zone.
12:33 of 3rd period - Barclay Goodrow is hit by Tyler Motte.
12:39 of 3rd period - Brett Ritchie is hit by Jesse Puljujarvi and loses puck.
12:46 of 3rd period - Shot by Patrik Laine.
12:46 of 3rd period - Shot Misses the Net.
12:58 of 3rd period - Shot by Brett Ritchie.
12:58 of 3rd period - Shot Misses the Net.
13:42 of 3rd period - Shot by Jason Robertson.
13:42 of 3rd period - Stopped by James Reimer without a rebound.
13:43 of 3rd period - Evgeni Malkin wins face-off versus Teuvo Teravainen in CHICAGO Blackhawks zone.
15:15 of 3rd period - Icing by Jake Walman.
15:16 of 3rd period - Jonathan Toews wins face-off versus Yakov Trenin in CHICAGO Blackhawks zone.
16:09 of 3rd period - Connor Clifton is hit by Nicolas Hague.
16:46 of 3rd period - Icing by Aaron Ekblad.
16:47 of 3rd period - Jason Robertson wins face-off versus Trent Frederic in CHICAGO Blackhawks zone.
17:51 of 3rd period - Shot by Brett Ritchie.
17:51 of 3rd period - Stopped by Cam Talbot without a rebound.
17:52 of 3rd period - Teuvo Teravainen wins face-off versus Evgeni Malkin in PITTSBURGH Penguins zone.
17:55 of 3rd period - Shot by Patrick Kane.
17:55 of 3rd period - Deflect By Jonathan Toews.
17:55 of 3rd period - Shot Misses the Net.
17:57 of 3rd period - Shot by Teuvo Teravainen.
17:57 of 3rd period - Shot Misses the Net.
17:59 of 3rd period - Shot by Jake Walman.
17:59 of 3rd period - Stopped by Cam Talbot without a rebound.
18:00 of 3rd period - Ryan Johansen wins face-off versus Evgeni Malkin in PITTSBURGH Penguins zone.
18:09 of 3rd period - Conor Sheary is hit by Jake Guentzel and loses puck.
18:25 of 3rd period - Evgeni Malkin is hit by Erik Johnson and loses puck.
18:29 of 3rd period - Gabriel Vilardi is hit by Jake Walman and loses puck.
18:43 of 3rd period - Minor Penalty to Jake Guentzel for Holding.
18:44 of 3rd period - Jonathan Toews wins face-off versus Jordan Staal in PITTSBURGH Penguins zone.
19:25 of 3rd period - Teuvo Teravainen is hit by Evgeni Malkin and loses puck.
19:44 of 3rd period - Nate Schmidt is hit by Ryan Johansen.
19:53 of 3rd period - Jordan Staal is hit by Ryan Johansen.
Goals for this period are 1 for PITTSBURGH Penguins vs 0 for CHICAGO Blackhawks.
Shots for this period are 8 for PITTSBURGH Penguins vs 6 for CHICAGO Blackhawks. Output by the SimonT Hockey Simulator (STHS) for Martin Benoit - Original Page W3C HTML5 Valid
Hockey Simulator - Hockey Simulation - Hockey Manager